 Dungeon Crawl Stone Soup version 0.26-a0-519-gb2f46efeda (webtiles) character file.

Game seed: 13961006929920244745

23525 ReteAZ the Carver (level 13, -14/113 HPs)
             Began as a Gnoll Chaos Knight on Aug 11, 2020.
             Was a Plaything of Xom.
             Killed from afar by a steam dragon (19 damage)
             ... with a ball of steam
             ... on level 3 of the Lair of Beasts.
             The game lasted 00:24:17 (17312 turns).

ReteAZ the Carver (Gnoll Chaos Knight)             Turns: 17312, Time: 00:24:18

Health: -14/113    AC: 24    Str: 22    XL:     13   Next: 7%
Magic:  27/27      EV: 11    Int: 16    God:    Xom [.....*]
Gold:   1343       SH:  9    Dex: 17    Spells: 27/27 levels left

rFire    . . .     SeeInvis .   X - +7 lajatang of Order {silver, rMut}
rCold    + . .     Faith    .   (shield currently unavailable)
rNeg     . . .     Spirit   .   A - +2 plate armour {MR+}
rPois    +         Reflect  +   (no helmet)
rElec    .         Harm     .   Y - +0 cloak of Insurance {MR+ Int+2}
rCorr    .                      d - +1 pair of gloves
rMut     +                      Q - +0 pair of boots (curse)
MR       +++..                  Z - amulet of reflection
Stlth    ..........             o - ring of poison resistance
HPRegen  0.28/turn              I - ring of protection from magic
MPRegen  0.20/turn

@: no status effects
A: distributed training, claws 1, fangs 1, iridescent scales 1, large bone
plates 1, agile 1, cold resistance 1, high mp 1, mutation resistance 1, robust
1, shaggy fur 1, strong 1, strong nose
a: Renounce Religion


You were on level 3 of the Lair of Beasts.
You worshipped Xom.
You were Xom's teddy bear.
You visited 3 branches of the dungeon, and saw 16 of its levels.
You visited the Abyss 1 time.

You collected 1343 gold pieces.

Inventory:

Hand Weapons
 s - a +2 trident of freezing
 M - the +5 hand axe of Internal Strife {vorpal, rF+}
   (You found it on level 9 of the Dungeon)

   It inflicts extra damage upon your enemies.
   It protects you from fire.
 O - a +0 rapier of draining
 S - a +2 battleaxe of freezing
 X - the +7 lajatang of Order (weapon) {silver, rMut}
   (You found it on level 6 of the Dungeon)

   It protects you from mutation.
Missiles
 i - 10 javelins
 k - 49 poisoned darts (quivered)
 H - 7 silver boomerangs
Armour
 d - a +1 pair of gloves (worn)
 A - a +2 plate armour of magic resistance (worn)
 Q - a cursed +0 pair of boots (worn)
 Y - the +0 cloak of Insurance (worn) {MR+ Int+2}
   (You found it on level 2 of the Lair of Beasts)

   It affects your intelligence (+2).
   It affects your resistance to hostile enchantments.
Jewellery
 a - an uncursed ring of resist corrosion
 o - a ring of poison resistance (left hand)
 z - an uncursed amulet of magic regeneration {unknown}
 I - a ring of protection from magic (right hand)
 Z - an amulet of reflection (around neck)
Wands
 b - a wand of acid (19)
 n - a wand of flame (39)
 q - a wand of digging (8)
 u - a wand of iceblast (7)
 w - a wand of paralysis (21)
 P - a wand of enslavement (26)
Scrolls
 c - 4 scrolls of blinking
 f - 5 scrolls of amnesia
 m - 2 scrolls of random uselessness
 t - 4 scrolls of remove curse
 x - a scroll of fear
 y - 7 scrolls of teleportation
 B - 2 scrolls of magic mapping
 C - 2 scrolls of enchant armour
 K - 2 scrolls of immolation
 R - 2 scrolls of enchant weapon
 U - 4 scrolls of identify
Potions
 e - 2 potions of degeneration
 g - a potion of might {unknown}
 h - 2 potions of mutation
 j - 2 potions of magic
 l - a potion of berserk rage {unknown}
 p - 4 potions of curing
 r - 4 potions of lignification
 v - 3 potions of haste
 D - 2 potions of invisibility
 F - a potion of resistance
 J - a potion of flight
 L - 5 potions of stabbing
 N - 2 potions of brilliance
Miscellaneous
 V - a condenser vane (1/2)


   Skills:
 + Level 10.2 Fighting
 + Level 7.9 Short Blades
 + Level 10.2 Long Blades
 + Level 7.9 Axes
 + Level 7.9 Maces & Flails
 + Level 7.9 Polearms
 + Level 7.9 Staves
 + Level 7.9 Slings
 + Level 7.9 Bows
 + Level 7.9 Crossbows
 + Level 7.9 Throwing
 + Level 9.2 Armour
 + Level 8.4 Dodging
 + Level 7.9 Stealth
 + Level 7.9 Shields
 + Level 7.9 Unarmed Combat
 + Level 7.9 Spellcasting
 + Level 6.6 Conjurations
 + Level 6.6 Hexes
 + Level 6.6 Summonings
 + Level 6.6 Necromancy
 + Level 6.6 Translocations
 + Level 6.6 Transmutations
 + Level 6.6 Fire Magic
 + Level 6.6 Ice Magic
 + Level 6.6 Air Magic
 + Level 6.6 Earth Magic
 + Level 6.6 Poison Magic
 + Level 8.7 Invocations
 + Level 7.9 Evocations


You had 27 spell levels left.
You didn't know any spells.
Your spell library contained the following spells:

 Spells                   Type           Power        Failure   Level
 Animate Skeleton         Necr           ####..       11%         1
 Apportation              Tloc           ####..       11%         1
 Corona                   Hex            ####...      11%         1
 Foxfire                  Conj/Fire      ####         11%         1
 Summon Small Mammal      Summ           ####         11%         1
 Slow                     Hex            ####....     16%         2
 Confusing Touch          Hex            ####....     32%         3
 Conjure Flame            Conj/Fire      ####....     32%         3
 Gell's Gravitas          Tloc           ####......   32%         3
 Inner Flame              Hex/Fire       ####....     32%         3
 Portal Projectile        Hex/Tloc       ####..       32%         3
 Cause Fear               Hex            ####......   71%         4
 Leda's Liquefaction      Hex/Erth       ####......   71%         4
 Petrify                  Tmut/Erth      ####....     71%         4
 Sticky Flame             Conj/Fire      ####....     71%         4
 Fireball                 Conj/Fire      ####......   96%         5
 Metabolic Englaciation   Hex/Ice        ####......   96%         5
 Yara's Violent Unravell  Hex/Tmut       ####......   96%         5


Dungeon Overview and Level Annotations

Branches:
Dungeon (12/15)            Temple (0/1) D:6            Lair (3/6) D:11
    Orc (1/2) D:9
  Swamp: Lair:2-4    Shoals: Lair:2-4     Snake: Lair:2-4    Spider: Lair:2-4

Altars:
Qazlal
Vehumet
Xom

Shops:
D:4 }

Annotations:
D:10 Fannar


Innate Abilities, Weirdness & Mutations

Your experience applies equally to all skills.
You have very sharp teeth.
Your uncanny sense of smell can sniff out nearby items.
You have sharp fingernails.
You are partially covered in iridescent scales. (AC +2)
You are partially covered in large bone plates. (SH +4)
You are agile. (Dex +2)
Your flesh is cold resistant. (rC+)
You have an increased reservoir of magic. (+10% MP)
You are somewhat resistant to further mutation.
You are robust. (+10% HP)
You are covered in fur. (AC +1)
Your muscles are strong. (Str +2)


Message History

The crocodile bites you but does no damage.
You block the steam dragon's attack. The steam dragon barely misses you.
You swing at nothing.
You block the crocodile's attack. You block the steam dragon's attack.
The steam dragon barely misses you.
You swing at nothing.
You are engulfed in a cloud of scalding steam.
The crocodile bites you but does no damage.
You block the steam dragon's attack. x2
You swing at nothing.
The crocodile bites you but does no damage.
The steam dragon barely misses you.
The steam dragon claws you but does no damage.
You swing at nothing.
You are engulfed in a cloud of scalding steam.
* * * LOW HITPOINT WARNING * * *
The crocodile completely misses you. The steam dragon breathes steam at you.
The ball of steam hits you!!
You die...
Xom snickers!

#.....### ###††...#.#
#...†#.## ##.#....##.##
##.#....## ##....#.###..#
###.....# #.....#####..###
#.....# #..#..# ##......
#.....###.....###.......
##...†#.##†..###........
######.##†t.§#.####........
##..#####..@..#####....#.##)
#....## #.D#..# ##....#.....
###...# #.....###...........
##...####...###......#.....
#.....###..####............
##.....#######.......P.....
#.....## ##........#.....
#......####........(......
##...................#.....


You could see a steam dragon (catching breath) and a crocodile.

Vanquished Creatures
  2 hydras
  2 two-headed ogres (D:11)
  An orb spider (Lair:2)
  A manticore (Lair:3)
  2 elephants (Lair:3)
  A guardian serpent (Lair:3)
  3 black mambas (Lair:3)
  A cane toad (Lair:1)
  A komodo dragon (Lair:1)
  9 rime drakes
  3 trolls
  A polar bear (Lair:2)
  A meliai (D:9)
  A queen bee (Lair:3)
  3 blink frogs (Lair:3)
  7 hippogriffs
  2 raiju
  Eustachio (D:5)
  2 wyverns
  8 yaks
  3 basilisks
  7 steam dragons (Lair:2)
  An acid dragon (Lair:2)
  2 wargs
  Edmund (D:4)
  10 porcupines
  5 water moccasins
  4 orc warriors
  5 ice beasts
  4 sky beasts
  A boggart (D:9)
  4 ogres
  5 centaurs
  7 wolves
  5 phantoms
  5 crocodiles
  2 big kobolds
  10 bullfrogs
  A water moccasin zombie (D:10)
  4 scorpions
  Dowan (D:5)
  22 killer bees
  5 wights (D:10)
  4 howler monkeys
  4 bullfrog zombies
  9 hounds
  A bullfrog skeleton (D:8)
  11 orc priests
  2 jellies
  7 orc wizards
  4 centaur skeletons
  An iguana (D:8)
  7 worker ants
  A killer bee zombie (D:5)
  3 hound skeletons
  4 gnolls (D:8)
  7 adders
  A howler monkey skeleton (D:4)
  A river rat (D:11)
  A shadow imp (D:9)
  2 white imps
  An ooze (D:1)
  3 adder skeletons
  A worm (D:5)
  8 leopard geckos
  42 orcs
  A ball python (D:2)
  7 giant cockroaches
  8 goblins
  7 hobgoblins
  8 jackals
  21 kobolds
  6 quokkas
  2 bats (D:1)
  5 frilled lizards
  A leopard gecko skeleton (D:5)
  A leopard gecko zombie (D:5)
  A quokka zombie (D:7)
  6 rats
  A bush (Lair:2)
366 creatures vanquished.

Vanquished Creatures (collateral kills)
  Duvessa (D:5)
  2 lava snakes (D:10)
  An orc (D:10)
4 creatures vanquished.

Vanquished Creatures (others)
  2 killer bees (Lair:3)
  2 orcs
4 creatures vanquished.

Grand Total: 374 creatures vanquished

Notes
Turn   | Place    | Note
-------+----------+-------------------------------------------
     0 | D:1      | ReteAZ the Gnoll Chaos Knight began the quest for the Orb.
     0 | D:1      | Reached XP level 1. HP: 23/23 MP: 1/1
    44 | D:1      | XOM: silly message
   147 | D:1      | Reached XP level 2. HP: 20/29 MP: 2/2
   172 | D:1      | XOM: god gift: 42 gold pieces
   173 | D:1      | XOM: 1-stop teleportation journey
   346 | D:1      | XOM: give mutations
   346 | D:1      | Gained mutation: You are dopey. (Int -2) [Xom's mischief]
   346 | D:1      | Gained mutation: Scrolls take you a little longer to read.
                  | [Xom's mischief]
   346 | D:1      | Gained mutation: You are weak. (Str -2) [Xom's mischief]
   433 | D:1      | XOM: give mutations
   433 | D:1      | Lost mutation: You are dopey. (Int -2) [Xom's grace]
   433 | D:1      | Gained mutation: You evolve. [Xom's grace]
   435 | D:1      | You fall into a shaft and drop 1 floor!
   436 | D:2      | XOM: confuse monster(s)
   557 | D:1      | Reached XP level 3. HP: 19/35 MP: 3/3
   727 | D:2      | Reached skill level 1 in Invocations
   963 | D:1      | Reached skill level 1 in Short Blades
   963 | D:1      | Reached skill level 1 in Axes
   963 | D:1      | Reached skill level 1 in Maces & Flails
   963 | D:1      | Reached skill level 1 in Polearms
   963 | D:1      | Reached skill level 1 in Staves
   963 | D:1      | Reached skill level 1 in Slings
   963 | D:1      | Reached skill level 1 in Bows
   963 | D:1      | Reached skill level 1 in Crossbows
   963 | D:1      | Reached skill level 1 in Throwing
   963 | D:1      | Reached skill level 1 in Stealth
   963 | D:1      | Reached skill level 1 in Shields
   963 | D:1      | Reached skill level 1 in Unarmed Combat
   963 | D:1      | Reached skill level 1 in Spellcasting
   963 | D:1      | Reached skill level 1 in Evocations
  1160 | D:2      | Reached XP level 4. HP: 40/41 MP: 5/5
  1197 | D:2      | XOM: 3-stop teleportation journey
  1324 | D:2      | XOM: give mutations
  1324 | D:2      | Gained mutation: Your mind is acute. (Int +2) [Xom's grace]
  1324 | D:2      | Lost mutation: You are weak. (Str -2) [Xom's grace]
  1324 | D:2      | Gained mutation: You are covered in fur. (AC +1) [Xom's
                  | grace]
  1324 | D:2      | Gained mutation: Your spells are a little harder to cast,
                  | but a little more powerful. [Xom's grace]
  1366 | D:2      | XOM: give mutations
  1366 | D:2      | Gained mutation: You possess an exceptional clarity of
                  | mind. [Xom's mischief]
  1366 | D:2      | Lost mutation: Scrolls take you a little longer to read.
                  | [Xom's mischief]
  1366 | D:2      | Gained mutation: Armour fits poorly on your strangely
                  | shaped body. [Xom's mischief]
  1366 | D:2      | Lost mutation: Armour fits poorly on your strangely shaped
                  | body. [Xom's mischief]
  1585 | D:2      | Cast into level 1 of the Abyss (Xom)
  1585 | D:2      | Escaped the Abyss
  1585 | D:2      | XOM: revert banishment
  1706 | D:2      | Found a radiant altar of Vehumet.
  1777 | D:2      | XOM: summons 3 hostile demons
  2041 | D:3      | Reached skill level 1 in Conjurations
  2041 | D:3      | Reached skill level 1 in Hexes
  2041 | D:3      | Reached skill level 1 in Summonings
  2041 | D:3      | Reached skill level 1 in Necromancy
  2041 | D:3      | Reached skill level 1 in Translocations
  2041 | D:3      | Reached skill level 1 in Transmutations
  2041 | D:3      | Reached skill level 1 in Fire Magic
  2041 | D:3      | Reached skill level 1 in Ice Magic
  2041 | D:3      | Reached skill level 1 in Air Magic
  2041 | D:3      | Reached skill level 1 in Earth Magic
  2041 | D:3      | Reached skill level 1 in Poison Magic
  2146 | D:3      | XOM: 1-stop teleportation journey
  2216 | D:3      | XOM: scenery: create altars
  2270 | D:3      | XOM: summons friendly shadow imp
  2272 | D:3      | Reached XP level 5. HP: 47/47 MP: 5/7
  2402 | D:3      | XOM: divination: detect items
  2563 | D:3      | XOM: god gift: scroll labeled GUMPIOLYRA {god gift}
  2849 | D:4      | Reached XP level 6. HP: 53/53 MP: 8/8
  2861 | D:4      | XOM: scenery: create altars
  3020 | D:4      | Reached skill level 5 in Armour
  3144 | D:4      | Noticed a phantom
  3172 | D:4      | Killed a phantom
  3277 | D:4      | Gained mutation: You have a pair of small horns on your
                  | head. [evolution]
  3379 | D:4      | Noticed Edmund
  3384 | D:4      | Killed Edmund
  3384 | D:4      | Reached XP level 7. HP: 56/60 MP: 10/10
  3465 | D:4      | Found Sadoduo's Gadget Boutique.
  3583 | D:5      | Entered Level 5 of the Dungeon
  3634 | D:5      | Noticed Eustachio
  3639 | D:5      | Killed Eustachio
  3674 | D:5      | XOM: polymorph centaur -> jelly
  3995 | D:5      | XOM: scenery: summon butterflies
  4048 | D:5      | Reached XP level 8. HP: 67/67 MP: 12/12
  4229 | D:5      | Noticed Dowan
  4229 | D:5      | XOM: fog
  4230 | D:5      | Noticed Duvessa
  4257 | D:5      | Killed Dowan
  4265 | D:5      | XOM: summons 8 friendly demons
  4267 | D:5      | Killed Duvessa
  4382 | D:5      | XOM: cloud trail
  4505 | D:5      | XOM: scenery: 2 doors close
  4520 | D:5      | XOM: summons friendly crimson imp
  4750 | D:5      | XOM: smoke on damage
  5196 | D:6      | XOM: scenery: summon butterflies
  5200 | D:6      | XOM: cleaving
  5258 | D:6      | XOM: 1-stop teleportation journey
  5266 | D:6      | Found a staircase to the Ecumenical Temple.
  5269 | D:6      | XOM: confuse monster(s)
  5393 | D:6      | XOM: noise
  5400 | D:6      | XOM: destruction
  5401 | D:6      | XOM: cleaving
  5410 | D:6      | Reached XP level 9. HP: 57/72 MP: 14/14
  5453 | D:6      | XOM: give mutations
  5453 | D:6      | Gained mutation: Your flesh is cold resistant. (rC+) [Xom's
                  | grace]
  5453 | D:6      | Gained mutation: You have a pair of horns on your head.
                  | [Xom's grace]
  5453 | D:6      | Gained mutation: You are partially covered in molten
                  | scales. (AC +2) [Xom's grace]
  5492 | D:6      | Found the +7 lajatang of Order {silver, rMut}
  5789 | D:4      | XOM: give mutations
  5789 | D:4      | Gained mutation: You have sharp fingernails. [Xom's grace]
  5789 | D:4      | Gained mutation: You expend magic power (3 MP) to
                  | strengthen your wands. [Xom's grace]
  5950 | D:7      | XOM: noise
  5959 | D:7      | XOM: cleaving
  6022 | D:7      | XOM: 3-stop teleportation journey
  6085 | D:7      | Reached skill level 5 in Dodging
  6308 | D:7      | XOM: give mutation
  6308 | D:7      | Lost mutation: You expend magic power (3 MP) to strengthen
                  | your wands. [Xom's mischief]
  6460 | D:7      | XOM: summons 3 hostile shadow creatures
  6513 | D:7      | Reached skill level 5 in Invocations
  7014 | D:8      | Gained mutation: Your body sometimes deteriorates upon
                  | taking damage. [evolution]
  7263 | D:8      | XOM: swap monsters
  7266 | D:8      | Reached XP level 10. HP: 80/80 MP: 17/17
  7693 | D:9      | XOM: chaos cloud
  7738 | D:9      | Reached skill level 5 in Short Blades
  7738 | D:9      | Reached skill level 5 in Axes
  7738 | D:9      | Reached skill level 5 in Maces & Flails
  7738 | D:9      | Reached skill level 5 in Polearms
  7738 | D:9      | Reached skill level 5 in Staves
  7738 | D:9      | Reached skill level 5 in Slings
  7738 | D:9      | Reached skill level 5 in Bows
  7738 | D:9      | Reached skill level 5 in Crossbows
  7738 | D:9      | Reached skill level 5 in Throwing
  7738 | D:9      | Reached skill level 5 in Stealth
  7738 | D:9      | Reached skill level 5 in Shields
  7738 | D:9      | Reached skill level 5 in Unarmed Combat
  7738 | D:9      | Reached skill level 5 in Spellcasting
  7738 | D:9      | Reached skill level 5 in Evocations
  7739 | D:9      | Found a flagged portal.
  7744 | D:9      | Got a scorched hand axe
  7776 | D:9      | Identified the +5 hand axe of Internal Strife {vorpal, rF+}
                  | (You found it on level 9 of the Dungeon)
  7843 | D:9      | XOM: summons 4 hostile shadow creatures
  8012 | D:9      | Found a stormy altar of Qazlal.
  8105 | D:9      | XOM: fog
  8124 | D:9      | XOM: swap monsters
  8349 | D:9      | Noticed a lindwurm
  8349 | D:9      | Noticed a lindwurm
  8363 | D:9      | Noticed a lindwurm
  8418 | D:9      | Noticed a lindwurm
  8529 | D:9      | Found a staircase to the Orcish Mines.
  8676 | D:9      | Gained mutation: You are partially covered in iridescent
                  | scales. (AC +2) [evolution]
  8956 | D:9      | XOM: summons 4 hostile shadow creatures
  9291 | D:9      | a lindwurm changed into a jumping spider
  9291 | D:9      | XOM: polymorph lindwurm -> jumping spider
  9296 | D:9      | XOM: polymorph jumping spider -> raiju
  9460 | D:9      | XOM: 5-stop teleportation journey
  9533 | D:10     | Entered Level 10 of the Dungeon
  9595 | D:10     | Noticed Fannar
  9602 | D:10     | XOM: summons friendly shadow imp
 10109 | D:10     | XOM: summons friendly hellwing
 10269 | D:10     | XOM: give mutations
 10269 | D:10     | Lost mutation: Your body sometimes deteriorates upon taking
                  | damage. [Xom's mischief]
 10269 | D:10     | Lost mutation: You have a pair of horns on your head.
                  | [Xom's mischief]
 10269 | D:10     | Lost mutation: Your spells are a little harder to cast, but
                  | a little more powerful. [Xom's mischief]
 10269 | D:10     | Gained mutation: You are frail. (-10% HP) [Xom's mischief]
 10271 | D:10     | Reached XP level 11. HP: 78/78 MP: 19/19
 10285 | D:10     | XOM: 3-stop teleportation journey
 10548 | D:9      | Lost mutation: You are frail. (-10% HP) [evolution]
 10712 | D:10     | XOM: draining
 10971 | Orc:1    | Entered Level 1 of the Orcish Mines
 11197 | D:11     | XOM: potion effect (haste)
 11248 | D:11     | XOM: silly message
 11310 | D:11     | Noticed a two-headed ogre
 11324 | D:11     | Killed a two-headed ogre
 11324 | D:11     | Reached skill level 5 in Conjurations
 11324 | D:11     | Reached skill level 5 in Hexes
 11324 | D:11     | Reached skill level 5 in Summonings
 11324 | D:11     | Reached skill level 5 in Necromancy
 11324 | D:11     | Reached skill level 5 in Translocations
 11324 | D:11     | Reached skill level 5 in Transmutations
 11324 | D:11     | Reached skill level 5 in Fire Magic
 11324 | D:11     | Reached skill level 5 in Ice Magic
 11324 | D:11     | Reached skill level 5 in Air Magic
 11324 | D:11     | Reached skill level 5 in Earth Magic
 11324 | D:11     | Reached skill level 5 in Poison Magic
 11350 | D:11     | XOM: scenery: 1 doors close
 11577 | D:11     | Found a staircase to the Lair.
 11579 | D:11     | XOM: potion effect (invisibility)
 11582 | D:11     | XOM: give mutations
 11582 | D:11     | Gained mutation: Your flesh is heat resistant. (rF+) [Xom's
                  | grace]
 11582 | D:11     | Gained mutation: You are partially covered in large bone
                  | plates. (SH +4) [Xom's grace]
 11814 | D:11     | XOM: 4-stop teleportation journey
 11877 | D:11     | XOM is BORED!
 11899 | D:11     | Noticed an eight-headed hydra
 11905 | D:11     | XOM: potion effect (berserk rage)
 11906 | D:11     | Killed an eight-headed hydra
 11920 | D:11     | XOM: polymorph centaur -> river rat
 11937 | D:11     | XOM: enchant monster (bad)
 12053 | D:11     | XOM: scenery: 1 doors close
 12133 | D:11     | Noticed a two-headed ogre
 12133 | D:11     | XOM: summons friendly quasit
 12139 | D:11     | XOM: destruction
 12141 | D:11     | Killed a two-headed ogre
 12357 | D:11     | XOM: summons 3 hostile shadow creatures
 12358 | D:11     | Noticed a tengu warrior
 12485 | D:11     | XOM: silly message
 12579 | D:11     | XOM: confuse monster(s)
 12665 | D:12     | Noticed a white ugly thing
 12733 | Lair:1   | XOM: noise
 12733 | Lair:1   | Entered Level 1 of the Lair of Beasts
 12738 | Lair:1   | XOM: divination: detect creatures
 13001 | Lair:1   | XOM: 5-stop teleportation journey
 13277 | Lair:1   | XOM: god gift: 32 gold pieces
 13998 | Lair:1   | XOM: divination: magic mapping
 14498 | Lair:2   | XOM: summons friendly crimson imp
 14510 | Lair:2   | XOM: potion effect (might)
 14517 | Lair:2   | XOM: noise
 14524 | Lair:2   | XOM: enchant monster (bad)
 14566 | Lair:2   | XOM: 1-stop teleportation journey
 14593 | Lair:2   | Reached XP level 12. HP: 61/96 MP: 22/22
 14635 | Lair:2   | XOM: chaos cloud
 14843 | Lair:2   | XOM: polymorph rime drake -> orb spider
 14983 | Lair:2   | XOM: give mutations
 14983 | Lair:2   | Lost mutation: You are partially covered in molten scales.
                  | (AC +2) [Xom's mischief]
 14983 | Lair:2   | Lost mutation: Your mind is acute. (Int +2) [Xom's
                  | mischief]
 14983 | Lair:2   | Lost mutation: You have a pair of small horns on your head.
                  | [Xom's mischief]
 15247 | Lair:2   | XOM: stat loss: -1 Str (19/20)
 15398 | Lair:2   | XOM: swap monsters
 15415 | Lair:2   | Got a dazzling cloak
 15421 | Lair:2   | Identified the +0 cloak of Insurance {MR+ Int+2} (You found
                  | it on level 2 of the Lair of Beasts)
 15495 | Lair:2   | XOM: polymorph steam dragon -> sky beast
 15759 | Lair:2   | XOM: silly message
 15857 | Lair:2   | XOM: give mutations
 15857 | Lair:2   | Gained mutation: You occasionally shout uncontrollably at
                  | your foes. [Xom's mischief]
 15857 | Lair:2   | Lost mutation: You possess an exceptional clarity of mind.
                  | [Xom's mischief]
 15902 | Lair:3   | XOM: polymorph blink frog -> raiju
 15911 | Lair:3   | XOM: summons 2 friendly demons
 15930 | Lair:3   | XOM: confuse monster(s)
 16017 | Lair:3   | XOM: give mutations
 16017 | Lair:3   | Lost mutation: Your flesh is heat resistant. (rF+) [Xom's
                  | mischief]
 16017 | Lair:3   | Lost mutation: You occasionally shout uncontrollably at
                  | your foes. [Xom's mischief]
 16017 | Lair:3   | Gained mutation: You are robust. (+10% HP) [Xom's mischief]
 16194 | Lair:3   | XOM: noise
 16198 | Lair:3   | Noticed a four-headed hydra
 16199 | Lair:3   | XOM: summons friendly crimson imp
 16201 | Lair:3   | XOM: divination: magic mapping
 16205 | Lair:3   | XOM: cast spell 'Metabolic Englaciation'
 16208 | Lair:3   | XOM: potion effect (curing)
 16215 | Lair:3   | Killed a five-headed hydra
 16215 | Lair:3   | Reached skill level 10 in Fighting
 16215 | Lair:3   | Reached skill level 10 in Long Blades
 16565 | Lair:3   | XOM: potion effect (stabbing)
 16640 | Lair:3   | XOM: silly message
 16648 | Lair:3   | XOM: silly message
 16799 | Lair:3   | XOM: cloud trail
 16804 | Lair:3   | XOM: give mutations
 16804 | Lair:3   | Gained mutation: Your muscles are strong. (Str +2) [Xom's
                  | grace]
 16804 | Lair:3   | Lost mutation: You evolve. [Xom's grace]
 16804 | Lair:3   | Gained mutation: You are somewhat resistant to further
                  | mutation. [Xom's grace]
 16804 | Lair:3   | Gained mutation: You are agile. (Dex +2) [Xom's grace]
 16804 | Lair:3   | Gained mutation: You have an increased reservoir of magic.
                  | (+10% MP) [Xom's grace]
 17189 | Lair:3   | XOM: confuse monster(s)
 17264 | Lair:3   | Reached XP level 13. HP: 108/113 MP: 27/27
 17285 | Lair:3   | XOM: destruction
 17293 | Lair:3   | XOM: polymorph hippogriff -> guardian serpent
 17312 | Lair:3   | HP: 5/113 [steam dragon] (3)]
 17312 | Lair:3   | Killed from afar by a steam dragon

Illustrated notes

Levels and vault maps discovered:
D:1:      dpeg_arrival_court, layout_basic, chequers_arboretum
D:2:      layout_loops_ring, lemuel_statue_altar
D:3:      layout_loops_ring, hangedman_feature_mirror
D:4:      layout_basic, serial_shops,
          nicolae_shop_temple_entry_statues_fountains, uniq_edmund
D:5:      layout_gridville, uniq_duvessa, uniq_eustachio
D:6:      layout_rooms, minmay_temple_entry_glass
D:7:      layout_loops_ring
D:8:      layout_loops_corners
D:9:      minmay_chambers_of_sixes, layout_irregular_city, lemuel_round_altar,
          erik_orc_3, enter_bailey_2, minmay_lindwurm_lava
D:10:     layout_stronghold, kennysheep_path_1, kennysheep_doodads, uniq_fannar
D:11:     layout_roguey, lair_entry_dummy
D:12:     layout_long_grid, uniq_gastronok, uniq_maurice
Lair:1:   layout_hall_layers, grunt_megastairs_2
Lair:2:   layout_gridlike, gauntlet_entry_generic, bobbens_dragon_lair_wall
Lair:3:   regret_index_combs_of_tragedy, layout_chaotic_city,
          infiniplex_staircase_pool
Orc:1:    layout_caves, nicolae_orc_lava_tube, uniq_josephine

Skill      XL: |  1  2  3  4  5  6  7  8  9 10 11 12 |
---------------+-------------------------------------+-----
Invocations    | 1 2 3 4 5 6 7 8 |  8.7
Short Blades   | 1 2 3 4 5 6 7 |  7.9
Axes           | 1 2 3 4 5 6 7 |  7.9
Maces & Flails | 1 2 3 4 5 6 7 |  7.9
Polearms       | 1 2 3 4 5 6 7 |  7.9
Staves         | 1 2 3 4 5 6 7 |  7.9
Slings         | 1 2 3 4 5 6 7 |  7.9
Bows           | 1 2 3 4 5 6 7 |  7.9
Crossbows      | 1 2 3 4 5 6 7 |  7.9
Throwing       | 1 2 3 4 5 6 7 |  7.9
Stealth        | 1 2 3 4 5 6 7 |  7.9
Shields        | 1 2 3 4 5 6 7 |  7.9
Unarmed Combat | 1 2 3 4 5 6 7 |  7.9
Spellcasting   | 1 2 3 4 5 6 7 |  7.9
Evocations     | 1 2 3 4 5 6 7 |  7.9
Conjurations   | 1 2 3 4 5 6 |  6.6
Hexes          | 1 2 3 4 5 6 |  6.6
Summonings     | 1 2 3 4 5 6 |  6.6
Necromancy     | 1 2 3 4 5 6 |  6.6
Translocations | 1 2 3 4 5 6 |  6.6
Transmutations | 1 2 3 4 5 6 |  6.6
Fire Magic     | 1 2 3 4 5 6 |  6.6
Ice Magic      | 1 2 3 4 5 6 |  6.6
Air Magic      | 1 2 3 4 5 6 |  6.6
Earth Magic    | 1 2 3 4 5 6 |  6.6
Poison Magic   | 1 2 3 4 5 6 |  6.6
Dodging        | 3 4 5 6 7 8 |  8.4
Armour         | 5 6 7 8 9 |  9.2
Fighting       | 7 8 9 10 | 10.2
Long Blades    | 7 8 9 10 | 10.2

Action                   |  1- 3 |  4- 6 |  7- 9 | 10-12 | 13-15 || total
-------------------------+-------+-------+-------+-------+-------++-------
Melee: Falchion          |    81 |    18 |   153 |   106 |       ||   358
       Bite              |     8 |    16 |    34 |   119 |     2 ||   179
       Halberd           |       |   149 |   159 |       |       ||   308
       Headbutt          |       |     1 |    78 |   139 |       ||   218
       Punch             |       |       |     2 |    10 |       ||    12
       Rapier            |       |       |       |   402 |       ||   402
       Hand axe          |       |       |       |     9 |       ||     9
       Unarmed           |       |       |       |     4 |       ||     4
       Lajatang          |       |       |       |   275 |    42 ||   317
       Trident           |       |       |       |     6 |       ||     6
Throw: Dart              |       |       |     3 |     5 |       ||     8
       Javelin           |       |       |       |     6 |       ||     6
Evoke: Wand              |       |       |       |    10 |       ||    10
       Condenser vane    |       |       |       |     3 |       ||     3
  Use: Scroll            |       |       |     8 |    17 |       ||    25
       Potion            |       |       |       |     4 |       ||     4
 Stab: Sleeping          |     1 |     3 |       |       |       ||     4
       Paralysed         |     1 |       |       |       |       ||     1
       Distracted        |       |     1 |       |     3 |       ||     4
       Confused          |       |       |     2 |     6 |       ||     8
       Invisible         |       |       |       |     2 |       ||     2
Armor: Leather armour    |     4 |       |       |       |       ||     4
       Ring mail         |    32 |    67 |    19 |       |       ||   118
       Plate armour      |       |       |   193 |   590 |    39 ||   822
Dodge: Dodged            |    43 |   114 |   129 |   378 |    36 ||   700
Block: Other             |       |       |       |    99 |    44 ||   143
       Rpst.: Falchion   |    12 |     2 |    14 |    10 |       ||    38

Table legend: (Time is in decaauts)
 A = Elapsed time spent in this place.
 B = Non-inter-level travel time spent in this place.
 C = Inter-level travel time spent in this place.
 D = Time resting spent in this place.
 E = Time spent auto-exploring this place.
 F = Levels seen in this place.
 G = Mean time per level.
                   A        B        C        D        E       F      G
               +--------+--------+--------+--------+--------+-----+--------+
         Total |  17362 |  16329 |   1033 |   2413 |  10648 |  17 | 1021.3 |
       Dungeon |  13002 |  12033 |    969 |   1833 |   7664 |  12 | 1083.5 |
          Lair |   4351 |   4288 |     63 |    580 |   2983 |   3 | 1450.3 |
  Orcish Mines |      8 |      8 |      0 |      0 |      0 |   1 |    8.0 |
         Abyss |      0 |      0 |      0 |      0 |      0 |   1 |    0.0 |
               +--------+--------+--------+--------+--------+-----+--------+

Top non-repeatable levels by time:
     D:9: 2545 daAuts
    D:11: 1684 daAuts
  Lair:2: 1489 daAuts
  Lair:1: 1452 daAuts
     D:5: 1433 daAuts
  Lair:3: 1409 daAuts
     D:2: 1126 daAuts
     D:8: 916 daAuts
    D:10: 907 daAuts
     D:1: 907 daAuts
     D:3: 899 daAuts
     D:4: 867 daAuts
     D:7: 847 daAuts
     D:6: 844 daAuts
    D:12: 21 daAuts
